cohdb
Replays
Latest Replays
All Replays
Popular Replays
Top Player Replays
Match Explorer
How It Works
Community
CoH3 Stats
Reddit
Sign in to upload your games and track your stats! →
Sign in with Steam
2V2 - USF vs DAK+Wher : Mickael Bay's style
Match 7401512
Overview
Messages
Build Orders
End
Construct Infanterie Kompanie
Selects Mechanized Battlegroup
Grenadier Squad
MG 42 Machine Gun Team
Grenadier Squad
Grenadier Squad
Construct Luftwaffe Kompanie
Jäger Squad
Luftwaffe Officer Quarters
Support Elements
Selects Raid Package
Construct Panzergrenadier Kompanie
Medical Station
StuG III G Assault Gun
251 Medium Carrier
Selects StuG Assault Group
Selects Fuel Seizure
Panzergrenadier Squad
Panzergrenadier Officer Quarters
Jäger Squad
Selects Zeroing Artillery Barrage
Construct Panzer Kompanie
Selects Wespe Self-propelled Artillery
Panzer IV Medium Tank
Side Skirts
Zeroing Artillery Barrage
Stoßtruppen Squad
Selects Panther Heavy Tank
Panther Heavy Tank
Zeroing Artillery Barrage
Pioneer Squad
Zeroing Artillery Barrage
Panzer IV Medium Tank
Panzer IV Medium Tank
Pioneer Squad
AI Takeover
Shtefan
Srbija
Biobazard
The Sage
0
0
Comments
sign in to comment!
No comments posted yet!